 Dungeon Crawl Stone Soup version 0.28-a0-477-g0b43c73ce0 (console) character file.

Game seed: 6534256017616900508

19 1020 the Grave Robber (level 2, 0/19 HPs)
             Began as a Demonspawn Necromancer on Sept 17, 2021.
             Slain by a bat (1 damage)
             ... on level 1 of the Dungeon.
             The game lasted 00:02:47 (1079 turns).

1020 the Grave Robber (Demonspawn Necromancer)      Turns: 1079, Time: 00:02:48

Health: 0/19       AC:  2    Str:  8    XL:     2   Next: 55%
Magic:  2/5        EV: 12    Int: 16    God:
Gold:   0          SH:  4    Dex: 13    Spells: 3/5 levels left

rFire   . . .      SeeInvis .   b - +0 dagger
rCold   . . .      Faith    .   (no shield)
rNeg    . . .      Spirit   .   a - +0 robe
rPois   .          Reflect  .   (no helmet)
rElec   .          Harm     .   (no cloak)
rCorr   .          Rampage  .   (no gloves)
Will    .....                   (no boots)
Stlth   ++........              (no amulet)
HPRegen 0.06/turn               (no ring)
MPRegen 0.09/turn               (no ring)

@: no status effects
A: large bone plates 1
a: no special abilities


You were on level 1 of the Dungeon.
You visited 1 branch of the dungeon, and saw 1 of its levels.

Inventory:

Hand Weapons
 b - a +0 dagger (weapon)
Armour
 a - a +0 robe (worn)
Scrolls
 c - a scroll of blinking {unknown}
 d - a scroll of fear {unknown}


   Skills:
 + Level 1.8 Dodging
 + Level 1.7 Stealth
 + Level 2.2 Spellcasting
 + Level 5.0 Necromancy


You had 3 spell levels left.
You knew the following spells:

 Your Spells              Type           Power      Damage    Failure   Level
a - Pain                  Necr           68%        1d7       2%          1
b - Animate Skeleton      Necr           34%        N/A       2%          1

Your spell library contained the following spells:

 Spells                   Type           Power      Damage    Failure   Level
 Vampiric Draining        Necr           8%         2d7       8%          3
 Animate Dead             Necr           8%         N/A       26%         4
 Agony                    Necr           17%        N/A       56%         5


Dungeon Overview and Level Annotations

Branches:
Dungeon (1/15)

Altars:


Innate Abilities, Weirdness & Mutations

You are partially covered in large bone plates. (SH +4)


Message History

Aim: a gnoll, wielding a +0 flail (chance to affect: 81%)
The gnoll writhes in agony.
The kobold throws a stone.
The stone misses you.
Casting: Pain (safe; 3% risk of failure)
Confirm with . or Enter, or press ? or * to list all spells.
Aiming: Pain (safe; 3% risk of failure)
Press: ? - help, Shift-Dir - straight line, f/p - gnoll
Aim: a gnoll, wielding a +0 flail (moderately wounded, chance to affect: 81%)
The gnoll writhes in agony.
The kobold throws a stone.
The stone closely misses you.
You hit the gnoll.
The gnoll is almost dead.
A bat comes into view.
The gnoll hits you with a +0 flail.
You hit the gnoll but do no damage.
The gnoll is almost dead.
The gnoll barely misses you.
You hit the gnoll but do no damage.
The gnoll is almost dead.
A rat comes into view.
You block the gnoll's attack.
You hit the gnoll.
The gnoll is almost dead.
The kobold misses you. The gnoll hits you with a +0 flail!
Ouch! That really hurt!
* * * LOW HITPOINT WARNING * * *
Casting: Pain (safe; 3% risk of failure)
Confirm with . or Enter, or press ? or * to list all spells.
Aiming: Pain (safe; 3% risk of failure)
Press: ? - help, Shift-Dir - straight line, f/p - gnoll
Aim: a gnoll, wielding a +0 flail (almost dead, chance to affect: 81%)
The gnoll writhes in agony.
You kill the gnoll!
The bat closely misses you. The kobold hits you with a +0 club.
* * * LOW HITPOINT WARNING * * *
Your Necromancy skill increases to level 5!
Casting: Pain (safe; 2% risk of failure)
Confirm with . or Enter, or press ? or * to list all spells.
There is nothing nearby to animate!
The bat hits you.
You die...

#.# ###...### #.# .......## #.#
........ #.# ...... #.# #....
####.# ..r####.# ##.##.#
#)K...... #.#...# #b# .....
##.#### #@# .... #.# ###.# #..#
#.# #...# ##..#### ##.##
######.#####.........
##...####...#.......>.# #..#
............#..#####.####..####.#
##...####...#..### #....[.......#
##.## ##.......# ######..######
#.# ####..#.# #..#


You could see a bat, a kobold and a rat.

Vanquished Creatures
  A gnoll (D:1)
  A dart slug (D:1)
  A bat (D:1)
  2 hobgoblins (D:1)
  A quokka (D:1)
  A ball python (D:1)
  A kobold (D:1)
8 creatures vanquished.

Notes
Turn   | Place    | Note
-------+----------+-------------------------------------------
     0 | D:1      | 1020 the Demonspawn Necromancer began the quest for the
                  | Orb.
     0 | D:1      | Reached XP level 1. HP: 13/13 MP: 3/3
    26 | D:1      | Learned a level 1 spell: Animate Skeleton
   859 | D:1      | Gained mutation: You are partially covered in large bone
                  | plates. (SH +4) [demonic ancestry]
   859 | D:1      | Reached XP level 2. HP: 15/19 MP: 1/5
  1079 | D:1      | Reached skill level 5 in Necromancy
  1079 | D:1      | Slain by a bat

Illustrated notes

Levels and vault maps discovered:
D:1:      saegor_arrival_simple_c, layout_loops_ring,
          hellmonk_ecumenical_altar_zigzags

Skill      XL: |  1  2 |
---------------+-------+-----
Necromancy     | 5 |  5.0
Dodging        | |  1.8
Stealth        | |  1.7
Spellcasting   | |  2.2

Action                   || total
-------------------------++-------
Melee: Unarmed           ||    21
       Dagger            ||     4
 Cast: Pain              ||    12
       Animate Skeleton  ||     1
  Use: Potion            ||     1
 Stab: Sleeping          ||     1
Armor: Robe              ||     3
Dodge: Dodged            ||    17
Block: Other             ||     1

Table legend: (Time is in decaauts)
 A = Elapsed time spent in this place.
 B = Non-inter-level travel time spent in this place.
 C = Inter-level travel time spent in this place.
 D = Time resting spent in this place.
 E = Time spent auto-exploring this place.
 F = Levels seen in this place.
 G = Mean time per level.
                   A        B        C        D        E       F      G
               +--------+--------+--------+--------+--------+-----+--------+
         Total |   1078 |   1078 |      0 |    272 |    496 |   1 | 1078.0 |
       Dungeon |   1078 |   1078 |      0 |    272 |    496 |   1 | 1078.0 |
               +--------+--------+--------+--------+--------+-----+--------+

Top non-repeatable levels by time:
     D:1: 1078 daAuts
